 Dungeon Crawl Stone Soup version 0.31.0-32-g396128a36d (webtiles) character file.

Game seed: 1590876638640174795

4084 Dvallin the Covert (level 10, -2/91 HPs)
             Began as a Naga Shapeshifter on Apr 7, 2024.
             Was a High Priest of Dithmenos.
             Slain by an orc
             ... wielding a +0 trident
              (5 damage)
             ... in a bailey.
             The game lasted 00:34:49 (9336 turns).

Dvallin the Covert (Naga Shapeshifter)              Turns: 9336, Time: 00:34:49

Health: -2/91      AC:  5    Str: 16    XL:     10   Next: 25%
Magic:  10/10      EV: 17    Int: 12    God:    Dithmenos [*****.]
Gold:   431        SH:  0    Dex: 20    Spells: 9/9 levels left

rFire   + .          .
                       - Unarmed
rCold   . . .        (shield currently unavailable)
rNeg    . . .        C - melded +0 steam dragon scales
rPois   +            G - +0 helmet
rElec   .            q - +0 cloak
rCorr   .            (no gloves)
SInv    +            (no barding)
Will    +....        (no amulet)
Stlth   ++           u - ring of protection from fire
HPRegen 0.35/turn    H - +6 ring of dexterity
MPRegen 0.12/turn

%: no passive effects
@: flux-form, glowing, very slow
A: glow, contaminating, AC +3, large, see invisible, deformed body, poison
resistance, slowness 2, spit poison 1, naga tail 1
a: Spit Poison, Begin Untransformation, Renounce Religion, Shadow Step, Shadow
Form


You were in a bailey.
You worshipped Dithmenos.
Dithmenos was extremely pleased with you.
You were something dangerously unstable.
You visited 1 branch of the dungeon, and saw 8 of its levels.
You also visited: Bailey.

You collected 431 gold pieces.

Inventory:

Missiles
 i - a throwing net
Armour
 q - a +0 cloak (worn)
 z - a +0 robe of positive energy
 C - +0 steam dragon scales (melded)
 G - a +0 helmet (worn)
Jewellery
 u - a ring of protection from fire (left hand)
 H - a +6 ring of dexterity (right hand)
Talismans
 c - a beast talisman
 d - a flux talisman (active)
Wands
 n - a wand of iceblast (31)
 x - a wand of paralysis (11)
 B - a wand of flame (12)
Scrolls
 b - a scroll of fog
 f - a scroll of poison
 g - a scroll of identify
 h - a scroll of fear {unknown}
 l - 2 scrolls of enchant weapon
 p - a scroll of teleportation
 w - a scroll of immolation {unknown}
 y - 2 scrolls of butterflies
 F - a scroll of enchant armour {unknown}
Potions
 a - a potion of mutation {unknown}
 e - 4 potions of brilliance
 k - a potion of might
 m - 2 potions of degeneration {unknown}
 o - a potion of attraction {unknown}
 r - 3 potions of cancellation
 s - a potion of haste {unknown}
 t - a potion of experience {unknown}
 v - a potion of ambrosia {unknown}
 A - a potion of lignification
 E - 3 potions of heal wounds {unknown}


   Skills:
 + Level 6.1 Fighting
 + Level 5.5 Dodging
 + Level 9.7 Stealth
 * Level 7.5 Unarmed Combat
 - Level 7.0 Shapeshifting


You had 9 spell levels left.
You didn't know any spells.
Your spell library contained the following spells:

 Spells                   Type           Power      Damage    Failure   Level
 Apportation              Tloc           0%         N/A       32%         1
 Magic Dart               Conj           0%         1d3       32%         1
 Call Imp                 Summ           0%         N/A       45%         2
 Jinxbite                 Hex            0%         N/A       45%         2
 Searing Ray              Conj           0%         2d4       45%         2
 Sublimation of Blood     Necr           0%         N/A       45%         2
 Dazzling Flash           Conj/Hex       0%         N/A       69%         3
 Volatile Blastmotes      Fire/Tloc      0%         2d10      69%         3
 Fulminant Prism          Conj/Alch      0%         3d5       97%         4
 Alistair's Intoxication  Alch           0%         N/A       100%        5
 Starburst                Conj/Fire      0%         6d3       100%        6
 Summon Hydra             Summ           0%         N/A       100%        7
 Maxwell's Capacitive Co  Air            0%         ∞         100%        8


Dungeon Overview and Level Annotations

Branches:
Dungeon (8/15)             Temple (0/1) D:6            Lair (0/5) D:8
 Bailey (1/1)

Altars:
Ashenzari
Dithmenos
Fedhas
Sif Muna
Uskayaw
Xom
Zin


Innate Abilities, Weirdness & Mutations

You are something dangerously unstable.
You glow with magical radiation, making you easy to see and hit.
Foes you strike become dangerously contaminated with magical radiation.
You are incapable of wielding weapons or throwing items.
Your serpentine skin is tough. (AC +3)
You have supernaturally acute eyesight. (SInv)
Armour fits poorly on your strangely shaped body.
Your system is resistant to poisons. (rPois)
You cover ground very slowly.
You can spit poison.
You have a snake-like lower body.


Message History

Your butterfly dies!
Your butterfly disappears in a burst of colours!
Things that are here:
a +0 glaive; a +0 plate armour Something misses your butterfly.
Something closely misses your butterfly.
You swap places.
Your butterfly disappears in a burst of colours!
The orc barely misses your butterfly.
Things that are here:
a +0 halberd; a +0 chain mail; an orc corpse
Things that are here:
a +0 glaive; a +0 chain mail; an orc skeleton Your butterfly disappears in a burst of colours! x2
The orc misses your butterfly.
Your butterfly disappears in a burst of colours!
You swap places.
Your butterfly disappears in a burst of colours!
The orc completely misses your butterfly.
The orc misses your butterfly.
Things that are here:
a +4 halberd; a +0 chain mail Your butterfly disappears in a burst of colours!
You swap places.
Your butterfly disappears in a burst of colours!
There is an open door here.
Things that are here:
a +0 trident; a +0 chain mail
Things that are here:
a +0 trident; a +0 ring mail You close the door, pushing everything out of the way.
Things that are here:
a +0 spear; 3 javelins; a +0 ring mail Something unseen opens the door.
Things that are here:
a +0 spear; a +0 chain mail The orc warrior hits you from afar with a +0 halberd!
* * * LOW HITPOINT WARNING * * *
The orc hits you from afar with a +0 trident.
You die...

###################
##≈≈≈≈≈≈≈≈≈≈≈≈≈≈≈≈≈##
##...........o.b.....##
##........))..o..).....#
#.......⌠##########'####
#..b.#####.poo)..)))..≈#
#...##....≈≈≈≈≈≈≈≈≈...≈# .
#..)#.⌠.≈≈≈)......≈≈..≈## ≈.
#)b.#..≈≈..≈≈≈≈≈≈≈....≈≈## ≈.
#..⌠#.≈≈.≈≈≈.....≈≈≈...≈≈## ≈≈
#..##.≈.≈≈..≈≈≈≈≈..≈≈..⌠≈≈#
.#####ob#.≈≈)≈.≈≈≈...≈≈≈.≈≈..≈≈#
.bb..'..#.≈.≈≈)≈..⌠.⌠..≈≈.≈...≈#
....)'..#.≈....≈..∩∩∩.....≈)..≈#


You could see an orc warrior and an orc.

Vanquished Creatures
  Pikel (D:5)
  A hornet (D:8)
  2 vampire mosquitoes (D:7)
  A steam dragon (D:5)
  A black bear (D:4)
  4 orc warriors (Bailey)
  3 ogres
  5 centaurs
  2 phantoms
  A kobold brigand (D:7)
  4 scorpions
  2 bullfrogs (D:6)
  A wyvern skeleton (D:5)
  A bullfrog zombie (D:5)
  A centaur zombie (D:5)
  6 orc priests
  A bombardier beetle (D:4)
  3 hounds
  3 jellies
  3 gnoll boudas
  A bullfrog skeleton (D:5)
  4 iguanas
  A sleepcap (D:5)
  Terence (D:2)
  6 orc wizards
  A hound skeleton (D:5)
  A howler monkey zombie (D:5)
  18 gnolls
  7 adders
  A shadow imp (D:7)
  A white imp (D:6)
  3 ribbon worms
  4 dart slugs
  36 orcs
  5 endoplasms
  2 giant cockroaches
  7 goblins
  9 hobgoblins
  17 kobolds
  2 quokkas
  A ball python (D:1)
  4 bats
  6 frilled lizards
  5 rats
189 creatures vanquished.

Notes
Turn   | Place    | Note
-------+----------+-------------------------------------------
     0 | D:1      | Dvallin the Naga Shapeshifter began the quest for the Orb.
     0 | D:1      | Reached XP level 1. HP: 18/18 MP: 1/1
   242 | D:1      | Reached XP level 2. HP: 9/25 MP: 2/2
   358 | D:1      | Found a faded altar of an unknown god.
   461 | D:1      | Prayed at the altar of an unknown god.
   461 | D:1      | Became a worshipper of Dithmenos the Shadowed
   461 | D:1      | Reached * piety under Dithmenos
   637 | D:1      | Reached XP level 3. HP: 8/31 MP: 3/3
   723 | D:1      | Reached skill level 1 in Stealth
  1084 | D:2      | Identified the +2 dagger "Zamoh" {drain, ^Drain MP+9 Int+4
                  | SInv}
  1224 | D:2      | Noticed Terence
  1238 | D:2      | Killed Terence
  1239 | D:2      | Reached skill level 2 in Stealth
  1239 | D:2      | Reached XP level 4. HP: 26/38 MP: 4/4
  1308 | D:2      | Found a glowing silver altar of Zin.
  1686 | D:3      | Reached ** piety under Dithmenos
  2149 | D:3      | Noticed a phantom
  2163 | D:3      | Killed a phantom
  2164 | D:3      | Reached skill level 3 in Stealth
  2164 | D:3      | Reached XP level 5. HP: 23/44 MP: 5/5
  2678 | D:4      | Noticed an ogre
  3048 | D:4      | Reached XP level 6. HP: 19/48 MP: 6/6
  3141 | D:4      | Reached skill level 5 in Shapeshifting
  3741 | D:4      | Reached skill level 4 in Stealth
  3839 | D:5      | Entered Level 5 of the Dungeon
  3876 | D:4      | Reached XP level 7. HP: 17/60 MP: 7/7
  3878 | D:4      | HP: 2/50 [orc/+0 flail (8)]
  4452 | D:4      | Reached skill level 5 in Stealth
  4516 | D:5      | Reached *** piety under Dithmenos
  4520 | D:5      | Reached XP level 8. HP: 54/69 MP: 8/8
  4636 | D:5      | Noticed Pikel
  4654 | D:5      | Killed Pikel
  4655 | D:5      | Reached skill level 6 in Stealth
  4899 | D:5      | Found a hide-covered altar of Uskayaw.
  5037 | D:5      | Reached skill level 5 in Unarmed Combat
  5037 | D:5      | Reached XP level 9. HP: 78/78 MP: 9/9
  5221 | D:5      | Found a shimmering altar of Xom.
  5221 | D:5      | Found a blossoming altar of Fedhas.
  5221 | D:5      | Found a shimmering blue altar of Sif Muna.
  5221 | D:5      | Found a broken altar of Ashenzari.
  5227 | D:5      | Reached skill level 7 in Stealth
  5507 | D:6      | Found a staircase to the Ecumenical Temple.
  6449 | D:5      | Reached skill level 8 in Stealth
  6484 | D:5      | Reached skill level 5 in Fighting
  7379 | D:7      | Reached **** piety under Dithmenos
  7524 | D:7      | Reached skill level 5 in Dodging
  7740 | D:7      | Identified the +4 sling "Bogemedo" {flame, Stlth+}
  7988 | D:7      | Reached skill level 9 in Stealth
  8160 | D:7      | Reached XP level 10. HP: 61/91 MP: 10/10
  8447 | D:8      | Found a flagged portal.
  8466 | Bailey   | Entered a bailey
  9135 | Bailey   | Reached ***** piety under Dithmenos
  9300 | Bailey   | HP: 2/91 [orc warrior/+0 halberd (18)]
  9335 | Bailey   | HP: 2/91 [orc warrior/+0 halberd (16)]
  9336 | Bailey   | Slain by an orc

Illustrated notes

Levels and vault maps discovered:
D:1:      dpeg_arrival_windows_large_door, layout_basic,
          shapermc_ecumenical_altar_venn, chequers_serial_rivers_large_b,
          kennysheep_another_room
D:2:      layout_loops_cross, basic_altar, uniq_terence
D:3:      layout_loops_cross, serial_forest, infiniplex_forest_lined_2,
          infiniplex_forest_lined_2, infiniplex_forest_clump_small,
          infiniplex_forest_side_room, infiniplex_forest_straight_1,
          infiniplex_forest_split, dk_noncrumbling_4
D:4:      layout_basic
D:5:      layout_rooms, grunt_temple_overflow_cloverleaf,
          overflow_temple_1_default, serial_undead, serial_undead_f,
          serial_undead_e, serial_undead_b, serial_undead_b,
          minmay_misc_feat_cross, chequers_jeans, uniq_pikel
D:6:      layout_cave_pools, minmay_temple_entry_mini_moons
D:7:      layout_loops_ring
D:8:      layout_loops_corners, grunt_lair_entry_orc_guard_hut, enter_bailey_2,
          nicolae_water_bricks, nrook_campfire,
          serial_library_hellmonk_open_cross, uniq_grum, uniq_psyche
Bailey:   bailey_polearm_flooded_kennysheep, bailey

Skill      XL: |  1  2  3  4  5  6  7  8  9 10 |
---------------+-------------------------------+-----
Stealth        | 2 3 4 5 6 9 |  9.7
Shapeshifting  | 4 5 6 7 |  7.0
Dodging        | 2 3 4 5 |  5.5
Fighting       | 2 3 4 5 6 |  6.1
Unarmed Combat | 4 5 6 7 |  7.5

Action                     |  1- 3 |  4- 6 |  7- 9 | 10-12 || total
---------------------------+-------+-------+-------+-------++-------
  Melee: Unarmed           |   117 |   201 |   392 |    65 ||   775
         Punch             |     1 |       |       |       ||     1
Ability: Spit Poison       |     3 |    27 |    26 |    18 ||    74
         Begin Untransform |       |       |     1 |       ||     1
    Use: Potion            |     1 |       |     1 |     4 ||     6
         Scroll            |       |       |     2 |     8 ||    10
 Armour: Animal skin       |    14 |       |       |       ||    14
         Skin              |    34 |    86 |   251 |    70 ||   441
  Dodge: Dodged            |    97 |   127 |   317 |    90 ||   631
   Form: Flux              |     1 |       |     1 |       ||     2
